 Dungeon Crawl Stone Soup version 0.22.1-2-g9c5b331 (webtiles) character file.

3514 Yoni the Grappler (level 10, -11/74 HPs)
             Began as a Human Berserker on Dec 20, 2018.
             Was a Priest of Trog.
             Killed by divine providence
             ... invoked by an orc priest
              (17 damage)
             ... on level 9 of the Dungeon.
             The game lasted 00:30:42 (5755 turns).

Yoni the Grappler (Human Berserker)                 Turns: 5755, Time: 00:30:43

Health: -11/74     AC: 14    Str: 21    XL:     10   Next: 28%
Magic:  10/10      EV:  9    Int:  7    God:    Trog [***...]
Gold:   351        SH:  4    Dex: 13    Spells: 9/9 levels left

rFire    . . .     SeeInvis .     - Unarmed
rCold    . . .     Gourm    .   q - +0 buckler
rNeg     + . .     Faith    .   r - +2 chain mail
rPois    .         Spirit   .   (no helmet)
rElec    .         Reflect  .   h - +0 cloak
rCorr    .         Harm     .   (no gloves)
MR       ++...                  (no boots)
Stlth    ..........             (no amulet)
HPRegen  1.22/turn              f - ring of positive energy
MPRegen  0.12/turn              (no ring)

@: regenerating
A: no striking features
a: Berserk, Trog's Hand, Renounce Religion


You were on level 9 of the Dungeon.
You worshipped Trog.
Trog was most pleased with you.
You were not hungry.

You visited 1 branch of the dungeon, and saw 9 of its levels.

You collected 351 gold pieces.

Inventory:

Hand Weapons
 i - a +0 hunting sling
 v - a +0 shortbow of freezing
Missiles
 j - 194 stones (quivered)
 w - 52 arrows
Armour
 a - a +0 animal skin
 h - a +0 cloak (worn)
 q - a +0 buckler (worn)
 r - a +2 chain mail (worn)
Jewellery
 f - a ring of positive energy (left hand)
 g - an uncursed ring of wizardry {unknown}
 u - the amulet "Godgheloe" {rC+ rN++ Regen+ Str+5 Stlth-, unknown}
   (You found it on level 7 of the Dungeon)

   [amulet of regeneration]

   It affects your strength (+5).
   It protects you from cold.
   It greatly protects you from negative energy.
   It increases your rate of regeneration.
   It makes you less stealthy.
Wands
 k - a wand of disintegration (20)
 n - a wand of paralysis (12)
Scrolls
 c - 6 scrolls of teleportation
 d - 3 scrolls of fear
 e - 3 scrolls of identify
 o - 2 scrolls of remove curse
 s - 2 scrolls of blinking
 t - a scroll of fog
Potions
 l - a potion of ambrosia {unknown}
 m - 2 potions of curing
 p - a potion of might {unknown}
Comestibles
 b - 10 rations
 x - 4 chunks of flesh


   Skills:
 + Level 5.2 Fighting
 + Level 0.1 Slings
 + Level 7.4 Armour
 + Level 4.2 Dodging
 + Level 0.5 Stealth
 + Level 2.4 Shields
 + Level 10.6 Unarmed Combat


You had 9 spell levels left.
You didn't know any spells.
Your spell library was empty.

Dungeon Overview and Level Annotations

Branches:
Dungeon (9/15)             Temple (0/1) D:5
   Lair: D:8-11         Orc: D:9-12

Altars:
Dithmenos
Nemelex Xobeh


Message History

The orc warrior is moderately wounded.
The orc priest mumbles some strange prayers to Beogh against you.
Beogh smites you!
You punch the orc warrior!
The orc warrior is heavily wounded.
The orc warrior hits you with a glaive!
* * * LOW HITPOINT WARNING * * *
An orc wizard comes into view. It is wielding a dagger.
The orc wizard shouts!
You hit the orc warrior.
The orc warrior is severely wounded.
Your skin crawls.
You feel resistant to hostile enchantments.
You feel somewhat more hungry.
You can no longer call in reinforcements.
The orc warrior hits you with a glaive!
* * * LOW HITPOINT WARNING * * *
The orc priest mumbles some strange prayers to Beogh against you.
Beogh smites you!
You die...

################## ####
#................. .>...
#................. .....
#..###'####....... ......
#..#......#....... ......
#..#......#.......
......###@.#......'....†<.
.....o..o..########.....÷)
........o.................
..........................
#####........##########...
#........+ #... ##########
#... +... #...


You could see an orc warrior and 2 orc priests.

Vanquished Creatures
  Erica (D:9)
  A centaur skeleton (D:8)
  2 hippogriffs
  A wyvern (D:8)
  A hungry ghost (D:8)
  An ice beast (D:5)
  A phantom (D:8)
  An ogre (D:6)
  3 centaurs
  4 bullfrogs
  2 scorpions
  4 howler monkeys
  A bullfrog zombie (D:6)
  2 hounds
  3 jellies
  4 orc wizards
  8 orc priests
  2 bullfrog skeletons
  Ijyb (D:3)
  3 iguanas
  2 worker ants
  A killer bee zombie (D:6)
  2 hound skeletons (D:4)
  A worker ant zombie (D:3)
  4 adders
  3 gnolls (D:6)
  An ooze (D:2)
  2 adder skeletons
  An adder zombie (D:3)
  A worm (D:2)
  2 dart slugs
  3 leopard geckos
  22 orcs
  2 ball pythons
  4 giant cockroaches
  5 goblins
  4 hobgoblins
  8 jackals
  6 kobolds
  8 quokkas
  A ball python skeleton (D:4)
  6 bats
  3 frilled lizards
  A giant cockroach zombie (D:3)
  A leopard gecko skeleton (D:3)
  A leopard gecko zombie (D:3)
  3 rats
144 creatures vanquished.

Notes
Turn   | Place    | Note
-------+----------+-------------------------------------------
     0 | D:1      | Yoni the Human Berserker began the quest for the Orb.
     0 | D:1      | Reached XP level 1. HP: 18/18 MP: 1/1
   118 | D:1      | Reached XP level 2. HP: 16/24 MP: 2/2
   894 | D:2      | Reached XP level 3. HP: 29/29 MP: 3/3
   992 | D:2      | Reached ** piety under Trog
  1174 | D:2      | Reached XP level 4. HP: 37/37 MP: 4/4
  1335 | D:3      | Reached skill level 4 in Unarmed Combat
  1358 | D:3      | Noticed Ijyb
  1368 | D:3      | Killed Ijyb
  1368 | D:3      | Reached XP level 5. HP: 23/42 MP: 5/5
  1705 | D:4      | Found a sparkling altar of Nemelex Xobeh.
  1853 | D:4      | Reached XP level 6. HP: 48/48 MP: 6/6
  1942 | D:4      | Reached skill level 5 in Unarmed Combat
  2578 | D:5      | Entered Level 5 of the Dungeon
  2611 | D:5      | Reached XP level 7. HP: 21/53 MP: 7/7
  2631 | D:5      | Reached skill level 6 in Unarmed Combat
  2995 | D:5      | Reached *** piety under Trog
  3099 | D:5      | Found a staircase to the Ecumenical Temple.
  3287 | D:6      | Reached XP level 8. HP: 34/60 MP: 8/8
  3348 | D:6      | Reached skill level 7 in Unarmed Combat
  3955 | D:6      | Noticed a hippogriff
  3971 | D:6      | Killed a hippogriff
  3971 | D:6      | Reached skill level 8 in Unarmed Combat
  4130 | D:7      | Got a faintly glowing zirconium amulet
  4251 | D:7      | Reached skill level 5 in Armour
  4304 | D:7      | Reached skill level 1 in Shields
  4304 | D:7      | Reached XP level 9. HP: 44/65 MP: 9/9
  4830 | D:8      | Reached skill level 9 in Unarmed Combat
  5111 | D:8      | Noticed a hippogriff
  5136 | D:8      | Killed a hippogriff
  5286 | D:8      | Paralysed by fainting for 5 turns
  5410 | D:8      | Found a shadowy altar of Dithmenos.
  5516 | D:8      | Reached skill level 10 in Unarmed Combat
  5573 | D:8      | Reached **** piety under Trog
  5573 | D:8      | Reached skill level 5 in Fighting
  5573 | D:8      | Reached XP level 10. HP: 55/74 MP: 10/10
  5661 | D:9      | Noticed Erica
  5683 | D:9      | Killed Erica
  5755 | D:9      | Killed from afar by an orc priest

Skill      XL: |  1  2  3  4  5  6  7  8  9 10 |
---------------+-------------------------------+-----
Unarmed Combat | 4 5 6 8 10 | 10.6
Dodging        | 3 4 |  4.2
Armour         | 3 4 5 6 7 |  7.4
Fighting       | 4 5 |  5.2
Shields        | 1 2 |  2.4
Slings         | |  0.1
Stealth        | |  0.5

Action                   |  1- 3 |  4- 6 |  7- 9 | 10-12 || total
-------------------------+-------+-------+-------+-------++-------
Melee: Unarmed           |   114 |   173 |   360 |    33 ||   680
       Punch             |     1 |     3 |     1 |       ||     5
 Fire: Hunting sling     |       |     3 |       |       ||     3
Invok: Berserk           |     3 |     3 |     6 |     1 ||    13
       Trog's Hand       |       |     1 |     2 |     2 ||     5
  Use: Scroll            |     3 |     3 |     2 |     1 ||     9
       Potion            |     2 |     1 |     2 |       ||     5
  Eat: Chunk             |     2 |     9 |    18 |     3 ||    32
       Ration            |       |       |     1 |       ||     1
Armor: Animal skin       |    15 |       |       |       ||    15
       Chain mail        |    59 |    94 |   212 |     9 ||   374
Dodge: Dodged            |    70 |    65 |   138 |    12 ||   285
Block: Buckler           |       |       |    37 |     3 ||    40
